 Dungeon Crawl Stone Soup version 0.30-a0-1008-g30c9307041 (webtiles) character file.

Game seed: 1448083505155481820

54 DeathPants the Slasher (level 3, -2/18 HPs)
             Began as a Vine Stalker Gladiator on Apr 5, 2023.
             Slain by an orc
             ... wielding a +0 short sword
              (3 damage)
             ... on level 3 of the Dungeon.
             The game lasted 00:05:02 (1449 turns).

DeathPants the Slasher (Vine Stalker Gladiator)     Turns: 1449, Time: 00:05:02

Health: -2/18      AC:  7    Str: 16    XL:     3   Next: 91%
Magic:  0/4        EV: 11    Int:  8    God:
Gold:   66         SH:  0    Dex: 17    Spells: 2/2 levels left

rFire   . . .      SeeInvis .    b - +2 short sword (drain)
rCold   . . .      Faith    .    (no shield)
rNeg    . . .      Spirit   +    r - +0 ring mail
rPois   .          Reflect  .    c - +0 helmet
rElec   .          Rampage  .    (no cloak)
rCorr   .                        w - +0 pair of gloves
Will    .....                    (no boots)
Stlth   +                        (no amulet)
HPRegen 0.23/turn                (no ring)
MPRegen 0.09/turn                (no ring)

@: no status effects
A: fangs 2, magic shield, antimagic bite, no potion heal 2
a: no special abilities


You were on level 3 of the Dungeon.
You visited 1 branch of the dungeon, and saw 4 of its levels.

You collected 66 gold pieces.

Inventory:

Hand Weapons
 a - a +0 long sword
 b - a +2 short sword of draining (weapon)
Missiles
 d - 3 throwing nets (quivered)
 e - 5 javelins
 n - 3 curare-tipped darts
 p - 4 poisoned darts
Armour
 c - a +0 helmet (worn)
 r - a +0 ring mail (worn)
 w - a +0 pair of gloves (worn)
Jewellery
 k - a ring of positive energy
Scrolls
 h - a scroll of enchant armour {unknown}
 j - 3 scrolls of identify {unknown}
 l - 2 scrolls of blinking {unknown}
 m - 3 scrolls of magic mapping {unknown}
 s - 2 scrolls of teleportation {unknown}
 t - a scroll of poison {unknown}
Potions
 f - a potion of mutation {unknown}
 g - a potion of might {unknown}
 i - a potion of cancellation {unknown}
 o - a potion of curing
 q - 3 potions of invisibility {unknown}
 u - a potion of haste {unknown}
 v - a potion of brilliance {unknown}


   Skills:
 + Level 2.2 Fighting
 * Level 3.4 Long Blades
 - Level 1.7 Throwing
 + Level 1.0 Armour
 + Level 2.7 Dodging


You had 2 spell levels left.
You didn't know any spells.
Your spell library contained the following spells:

 Spells                   Type           Power      Damage    Failure   Level
 Sandblast                Erth           0%         2d4       63%         1
 Animate Armour           Summ/Erth      0%         N/A       100%        4
 Statue Form              Tmut/Erth      0%         N/A       100%        6
 Shatter                  Erth           0%         3d5*      100%        9


Dungeon Overview and Level Annotations

Branches:
Dungeon (4/15)
 Temple: D:4-7

Altars:
Fedhas

Shops:
D:1 *[:


Innate Abilities, Weirdness & Mutations

You have extremely sharp teeth.
When hurt, damage is shared between your health and your magic reserves.
Your bite disrupts and absorbs the magic of your enemies.
Potions cannot restore your health.


Message History

An orc comes into view. It is wielding a +0 flail.
An orc wizard comes into view. It is wielding a +0 dagger.
The orc shouts!
You hear a shout! x2
An orc comes into view. It is wielding a +0 short sword.
The orc shouts!
The orc wizard casts a spell at you. The magic dart hits you.
An orc comes into view. It is wielding a +0 dagger.
The orc misses you.
You hit the orc. You drain the orc. Your bite misses the orc.
The orc is almost dead.
The orc wizard points at you and mumbles some strange words.
You are confused.
The orc hits you with a +0 flail. The orc attacks as you move away!
The orc barely misses you.
You bump into the rock wall.
An orc comes into view. It is wielding a +0 short sword.
The orc attacks as you move away! The orc closely misses you.
The orc hits you but does no damage. The orc wizard barely misses you.
You hit the orc wizard. You drain the orc wizard.
You bite the orc wizard, but do no damage.
The orc wizard is heavily wounded.
The orc wizard casts a spell.
The orc wizard flickers and vanishes!
Deactivating autopickup; reactivate with Ctrl-A.
The orc hits you with a +0 flail! The orc hits you with a +0 short sword.
* * * LOW HITPOINT WARNING * * *
The orc barely misses you.
You miss the orc. You bite the orc.
You kill the orc!
Something hits you but does no damage. The orc barely misses you.
You bump into the rock wall.
The orc hits you with a +0 short sword.
* * * LOW HITPOINT WARNING * * *
Something hits you.
* * * LOW HITPOINT WARNING * * *
The orc barely misses you.
You are too confused!
It was a potion of curing.
Your system rejects the healing.
You feel better. The orc hits you with a +0 short sword.
You die...

#.# #.# #.# #.# #..#
#.# #..# #.# #..#
##### ..# #..# #...
#..########o########
#.........@oo.......
#
#†...######{#.#.....
#.#..#.######.#.#
###
#..>........#.#.#
######)####...#.#
#.# ..#o# #.# #.....
#.# ##.#.# #.# #.#


You could see 3 orcs.

Vanquished Creatures
  An adder (D:3)
  A worm (D:2)
  A dart slug (D:2)
  3 orcs
  6 ball pythons
  2 bats
  2 endoplasms
  2 giant cockroaches
  3 goblins
  4 hobgoblins
  3 quokkas
  A frilled lizard (D:2)
  4 kobolds
  3 rats (D:2)
36 creatures vanquished.

Notes
Turn   | Place    | Note
-------+----------+-------------------------------------------
     0 | D:1      | DeathPants the Vine Stalker Gladiator began the quest for
                  | the Orb.
     0 | D:1      | Reached XP level 1. HP: 11/11 MP: 2/2
    68 | D:1      | Got Ticlell's Precepts of Bedrock
   109 | D:1      | Found Lukh's General Store.
   136 | D:1      | Reached XP level 2. HP: 15/15 MP: 3/3
   205 | D:1      | Reached skill level 3 in Long Blades
   453 | D:1      | Found Obetwax's Armour Boutique.
   564 | D:1      | Found Neddaeng's Book Boutique.
   599 | D:1      | Reached XP level 3. HP: 18/18 MP: 4/4
  1331 | D:3      | Found a faded altar of an unknown god.
  1392 | D:4      | Found a blossoming altar of Fedhas.
  1416 | D:3      | Reached skill level 1 in Armour
  1449 | D:3      | Slain by an orc

Illustrated notes

Levels and vault maps discovered:
D:1:      dpeg_arrival_more_subterranean_lakeside_camping, layout_loops_ring,
          serial_shops, nicolae_lakefront_shop, shop, nicolae_square_shop,
          serial_bayou_pond_c, minmay_statues_item, corner_web_ring
D:2:      layout_loops_ring, corexii_leaking_fountain
D:3:      layout_basic, mainiacjoe_overflow_six_doors_small,
          basic_ecumenical_altar
D:4:      nicolae_cairo_tiling_large_dashed, layout_cave_pools,
          makhleb_heckhound_becter, lemuel_crystal_altar, serial_glass,
          glass_columns_b, glass_columns_b, serial_shops,
          nicolae_shop_bloodbath_and_beyond

Skill      XL: |  1  2  3 |
---------------+----------+-----
Long Blades    | 3 |  3.4
Fighting       | 2 |  2.2
Armour         | 1 |  1.0
Throwing       | |  1.7
Dodging        | |  2.7

Action                     || total
---------------------------++-------
  Melee: Long sword        ||    69
         Bite              ||    16
         Short sword       ||     6
    Use: Potion            ||     1
   Stab: Sleeping          ||     1
 Armour: Leather armour    ||    19
         Ring mail         ||     7
  Dodge: Dodged            ||    52

Table legend: (Time is in decaauts)
 A = Elapsed time spent in this place.
 B = Non-inter-level travel time spent in this place.
 C = Inter-level travel time spent in this place.
 D = Time resting spent in this place.
 E = Time spent auto-exploring this place.
 F = Levels seen in this place.
 G = Mean time per level.
                   A        B        C        D        E       F      G
               +--------+--------+--------+--------+--------+-----+--------+
         Total |   1467 |   1429 |     38 |      0 |    991 |   4 |  366.8 |
       Dungeon |   1467 |   1429 |     38 |      0 |    991 |   4 |  366.8 |
               +--------+--------+--------+--------+--------+-----+--------+

Top non-repeatable levels by time:
     D:1: 683 daAuts
     D:2: 656 daAuts
     D:3: 102 daAuts
     D:4: 25 daAuts
